 Dungeon Crawl Stone Soup version 0.24.1-14-gf8d2b509d9 (webtiles) character file.

Game seed: 10398463889363860000, levelgen mode: deterministic

51 KlarStein the Slasher (level 3, 0/30 HPs)
             Began as a Demigod Gladiator on July 10, 2020.
             Slain by Grinder (8 damage)
             ... on level 3 of the Dungeon.
             The game lasted 00:08:44 (1307 turns).

KlarStein the Slasher (Demigod Gladiator)           Turns: 1307, Time: 00:08:44

Health: 0/30       AC:  5    Str: 19    XL:     3   Next: 36%
Magic:  5/5        EV: 13    Int: 12    God:
Gold:   93         SH:  0    Dex: 17    Spells: 2/2 levels left

rFire    . . .     SeeInvis .   a - +1 long sword
rCold    . . .     Gourm    .   (no shield)
rNeg     . . .     Faith    .   b - +0 leather armour
rPois    .         Spirit   .   c - +0 helmet
rElec    .         Reflect  .   (no cloak)
rCorr    .         Harm     .   m - +0 pair of gloves
MR       .....                  (no boots)
Stlth    +.........             j - amulet of regeneration
HPRegen  0.50/turn              (no ring)
MPRegen  0.09/turn              (no ring)

@: no status effects
A: high mp 1
a: no special abilities


You were on level 3 of the Dungeon.
You were not hungry.

You visited 1 branch of the dungeon, and saw 3 of its levels.

You collected 93 gold pieces.

Inventory:

Hand Weapons
 a - a +1 long sword (weapon)
Armour
 b - a +0 leather armour (worn)
 c - a +0 helmet (worn)
 h - a +0 ring mail
 m - a +0 pair of gloves (worn)
Jewellery
 j - an amulet of regeneration (around neck)
Scrolls
 l - a scroll of amnesia
Potions
 g - 2 potions of flight {unknown}
 k - a potion of brilliance {unknown}
 n - a potion of ambrosia
 o - 2 potions of heal wounds {unknown}
 p - a potion of curing {unknown}
 q - a potion of degeneration {unknown}
Comestibles
 f - 3 rations
 i - 2 chunks of flesh


   Skills:
 + Level 2.4 Fighting
 + Level 3.2 Long Blades
 - Level 2.0 Throwing
 + Level 3.2 Dodging


You had 2 spell levels left.
You didn't know any spells.
Your spell library was empty.

Dungeon Overview and Level Annotations

Branches:
Dungeon (3/15)

Annotations:
D:3 Grinder


Innate Abilities, Weirdness & Mutations

You have an increased reservoir of magic. (+10% MP)


Message History

You slash the kobold!
You kill the kobold!
Grinder blinks!
Throwing (i - inventory)
d - a throwing net (quivered)
Press: ? - help, Shift-Dir - straight line, f/p - Grinder
Aim: Grinder (severely wounded)
You throw a throwing net. The throwing net barely misses Grinder.
Grinder gestures at you. You resist with significant effort.
You closely miss Grinder.
Grinder is severely wounded.
Grinder hits you.
You writhe in agony.
* * * LOW HITPOINT WARNING * * *
You barely miss Grinder.
Grinder is severely wounded.
Grinder hits you but does no damage.
You closely miss Grinder.
Grinder is severely wounded.
Grinder hits you!
You die...

### #5####.# #.@....#
#)####.# #....#.#
##########K#.#####
..........(.......
##########.#......
#....#...... ##
#######.#..#############.
................. .......


You could see Grinder.

Vanquished Creatures
  An adder (D:2)
  2 worms
  A dart slug (D:2)
  A leopard gecko (D:1)
  5 bats
  2 giant cockroaches
  3 goblins (D:1)
  5 hobgoblins
  2 quokkas (D:2)
  A frilled lizard (D:2)
  3 kobolds
  6 rats (D:1)
32 creatures vanquished.

Notes
Turn   | Place    | Note
-------+----------+-------------------------------------------
     0 | D:1      | KlarStein the Demigod Gladiator began the quest for the
                  | Orb.
     0 | D:1      | Reached XP level 1. HP: 17/17 MP: 3/3
   190 | D:1      | Reached XP level 2. HP: 24/24 MP: 4/4
   876 | D:2      | Found a hazy altar of Hepliaklqana.
  1128 | D:2      | Reached XP level 3. HP: 24/30 MP: 5/5
  1234 | D:3      | Found a stormy altar of Qazlal.
  1277 | D:3      | Noticed Grinder
  1287 | D:3      | Paralysed by Grinder for 2 turns
  1307 | D:3      | Slain by Grinder

Levels and vault maps discovered:
D:1:      sevenhm_arrival_forest_fort_large_4, layout_basic
D:2:      layout_basic, lemuel_round_altar, first_ration,
          kennysheep_generic_room_6
D:3:      layout_basic, lemuel_crystal_altar, elyvilon_altar_1,
          uniq_crazy_yiuf_cottage, uniq_grinder

Skill      XL: |  1  2 |
---------------+-------+-----
Throwing       | 2 |  2.0
Fighting       | 2 |  2.4
Long Blades    | 3 |  3.2
Dodging        | 3 |  3.2

Action                   || total
-------------------------++-------
Melee: Long sword        ||    95
Throw: Throwing net      ||     3
  Use: Scroll            ||     5
       Potion            ||     1
 Stab: Sleeping          ||     1
       Held in net/web   ||     3
  Eat: Chunk             ||     1
Armor: Leather armour    ||    26
Dodge: Dodged            ||    62
       Rpst.: Long sword ||    18
